 Dungeon Crawl Stone Soup version 0.21-a0-369-g397cdb2 (webtiles) character file.

17334 tidbits the Thaumaturge (level 12, -20/94 HPs)
             Began as a Gnoll Skald on Oct 14, 2017.
             Was the Champion of Cheibriados.
             Demolished by a reaper
             ... wielding a +1 scythe of freezing
              (29 damage)
             ... in an ice cave on Oct 15, 2017.
             The game lasted 01:00:07 (5289 turns).

tidbits the Thaumaturge (Gnoll Skald)               Turns: 5289, Time: 01:00:08

Health: -20/94     AC: 21    Str: 31    XL:     12   Next: 46%
Magic:  20/24      EV: 22    Int: 34    God:    Cheibriados [******]
Gold:   314        SH:  0    Dex: 31    Spells: 3/28 levels left

rFire    x . .     SeeInvis +   j - +3 scimitar (flame)
rCold    + + .     Gourm    .   (no shield)
rNeg     . . .     Faith    .   w - +0 ice dragon scales
rPois    +         Spirit   .   E - +2 helmet {SInv}
rElec    +         Reflect  .   C - +1 cloak {rPois}
rCorr    .         Harm     .   G - +0 pair of gloves
MR       +....                  F - +1 pair of boots "Lyxkier" {rElec MR+}
Stlth    +++.......             (no amulet)
HPRegen  1.25/turn              V - +1 ring of evasion
MPRegen  0.19/turn              (no ring)

@: regenerating (expiring), very slow
A: distributed training, fangs 1, repulsion field 1, strong 1, strong nose
a: Bend Time, Temporal Distortion, Slouch, Step From Time, Renounce Religion


You were in an ice cave.
You worshipped Cheibriados.
Cheibriados was exalted by your worship.
You were full.

You visited 1 branch of the dungeon, and saw 12 of its levels.
You also visited: Sewer and Ice Cave.

You collected 503 gold pieces.
You spent 189 gold pieces at shops.

Inventory:

Hand Weapons
 a - a +1 hand axe of flaming
   (You took it off a big kobold on level 8 of the Dungeon)
 j - a +3 scimitar of flaming (weapon)
   (You took it off Erica on level 8 of the Dungeon)
 l - a +0 blowgun
 O - a +0 shortbow of flaming
   (You took it off a centaur on level 8 of the Dungeon)
 P - a +0 war axe
 Q - a +2 flail of protection
   (You took it off a gnoll on level 6 of the Dungeon)
Missiles
 e - 151 arrows
 D - 8 javelins (quivered)
Armour
 g - a +1 pair of boots
 k - a +0 pair of boots of stealth
   (You found it in an ice cave)
 w - +0 ice dragon scales (worn)
 C - a +1 cloak of poison resistance (worn)
   (You bought it in a shop on level 10 of the Dungeon)
 E - a +2 helmet of see invisible (worn)
   (You took it off Robin on level 2 of the Dungeon)
 F - the +1 pair of boots "Lyxkier" (worn) {rElec MR+}
   (You found it in an ice cave)

   It insulates you from electricity.
   It affects your resistance to hostile enchantments.
 G - a +0 pair of gloves (worn)
Jewellery
 y - an uncursed ring of fire
   (You found it on level 8 of the Dungeon)
 V - a +1 ring of evasion (left hand)
   (You found it on level 1 of the Dungeon)
Wands
 b - a wand of flame (24/48)
 i - a wand of acid (7/15)
 v - a wand of digging (14/24)
 A - a wand of confusion (25/48)
 M - a wand of iceblast (7/15)
 N - a wand of flame (10/48)
 R - a wand of acid (3/15)
 Y - a wand of flame (27/48)
Scrolls
 f - 2 scrolls of random uselessness {unknown}
 m - 2 scrolls of magic mapping
 n - 6 scrolls of teleportation
 o - 3 scrolls of amnesia
 r - 3 scrolls of remove curse
 t - 2 scrolls of immolation
 J - 2 scrolls of enchant weapon {unknown}
 T - 2 scrolls of recharging {unknown}
 W - 2 scrolls of summoning {unknown}
Potions
 h - 2 potions of agility
 p - 2 potions of haste
 s - a potion of brilliance {unknown}
 u - 4 potions of heal wounds
 z - 2 potions of might
 H - a potion of resistance {unknown}
 I - 4 potions of curing
 K - 2 potions of flight {unknown}
 L - a potion of ambrosia {unknown}
 S - a potion of mutation {!q}
 U - 2 potions of cancellation {unknown}
Books
 c - the Handbook of the Rocks
   (You found it on level 9 of the Dungeon)

   Spells                             Type                      Level
   a - Petrify                        Transmutation/Earth          4
   b - Bolt of Magma                  Conjuration/Fire/Earth       5
   c - Lee's Rapid Deconstruction     Earth                        5
   d - Statue Form                    Transmutation/Earth          6
Comestibles
 d - 12 bread rations


   Skills:
 + Level 8.6 Fighting
 + Level 7.2 Short Blades
 + Level 7.2 Long Blades
 + Level 8.6 Axes
 + Level 7.2 Maces & Flails
 + Level 7.2 Polearms
 + Level 7.2 Staves
 + Level 7.2 Slings
 + Level 7.2 Bows
 + Level 7.2 Crossbows
 + Level 7.2 Throwing
 + Level 7.7 Armour
 + Level 8.6 Dodging
 + Level 7.2 Stealth
 + Level 7.2 Shields
 + Level 7.2 Unarmed Combat
 + Level 8.8 Spellcasting
 + Level 6.0 Conjurations
 + Level 6.0 Hexes
 + Level 8.2 Charms
 + Level 6.0 Summonings
 + Level 6.0 Necromancy
 + Level 6.0 Translocations
 + Level 6.0 Transmutations
 + Level 6.0 Fire Magic
 + Level 6.0 Ice Magic
 + Level 6.0 Air Magic
 + Level 6.0 Earth Magic
 + Level 6.0 Poison Magic
 + Level 7.9 Invocations
 + Level 7.2 Evocations


You had 3 spell levels left.
You knew the following spells:

 Your Spells              Type           Power        Failure   Level  Hunger
b - Blink                 Tloc           N/A          1%          2    None
g - Shroud of Golubria    Chrm/Tloc      ######....   1%          2    None
i - Infusion              Chrm           ####         1%          1    None
m - Mephitic Cloud        Conj/Pois/Air  ######..     1%          3    None
n - Animate Skeleton      Necr           N/A          1%          1    None
r - Regeneration          Chrm/Necr      ######....   1%          3    None
u - Control Undead        Necr           ######....   5%          4    None
w - Spectral Weapon       Hex/Chrm       ######..     1%          3    None
y - Song of Slaying       Chrm           ######..     1%          2    None
N - Animate Dead          Necr           N/A          5%          4    None


Dungeon Overview and Level Annotations

Branches:
Dungeon (12/15)            Temple (0/1) D:7             Orc (0/2) D:10
   Lair: D:8-11

Altars:
Cheibriados
Dithmenos
Hepliaklqana
Nemelex Xobeh
Okawaru
Ru
Jiyva

Shops:
D:10 [


Innate Abilities, Weirdness & Mutations

Your experience applies equally to all skills.
You have very sharp teeth.
Your uncanny sense of smell can sniff out nearby items.
You are surrounded by a mild repulsion field. (EV +2)
Your muscles are strong. (Str +2)


Message History

Casting: Spectral Weapon
Confirm with . or Enter, or press ? or * to list all spells.
Your skin crawls.
Casting: Regeneration
Confirm with . or Enter, or press ? or * to list all spells.
Space distorts slightly along a thin shroud covering your body.
You are engulfed in freezing vapours.
You resist.
You are engulfed in freezing vapours.
You resist.
You are engulfed in freezing vapours.
You resist.
The white imp is engulfed in freezing vapours.
The white imp puffs mist at you. The white imp misses you.
The white imp is engulfed in freezing vapours.
The white imp gestures at you. The puff of frost misses you.
You hit the white imp. You burn the white imp.
You kill the white imp!
Cheibriados appreciates the change of pace.
Really walk into that cloud of freezing vapour?
Okay, then.
Unknown command.
Really walk into that cloud of freezing vapour?
You are engulfed in freezing vapours.
You resist.
You are engulfed in freezing vapours.
You resist.
Casting: Shroud of Golubria
Confirm with . or Enter, or press ? or * to list all spells.
Your skin crawls.
Casting: Regeneration
Confirm with . or Enter, or press ? or * to list all spells.
You draw out your weapon's spirit!
You slash the ice devil! You burn the ice devil.
You bite the ice devil, but do no damage.
The ice devil is moderately wounded.
Your spectral weapon barely misses the ice devil.
The ice devil misses you.
You slash the ice devil! You burn the ice devil.
The ice devil is severely wounded.
Your spectral weapon hits the ice devil but does no damage.
The ice devil hits your spectral weapon.
Your spectral weapon shares its damage with you!
The ice devil freezes your spectral weapon.
Your spectral weapon resists.
Your spectral weapon shares its damage with you!
You catch the helpless ice devil completely off-guard!
You hit the ice devil. You burn the ice devil. You punch the ice devil.
The ice devil is severely wounded.
Your spectral weapon hits the ice devil.
Your spectral weapon burns the ice devil.
The ice devil misses you.
You hit the ice devil. You burn the ice devil.
You bite the ice devil, but do no damage.
The ice devil is almost dead.
You are engulfed in freezing vapours.
You resist.
Your spectral weapon is engulfed in freezing vapours.
Your spectral weapon closely misses the ice devil.
Your spectral weapon is engulfed in freezing vapours. x2
The ice devil hits you but does no damage.
You hit the ice devil but do no damage. Your bite misses the ice devil.
The ice devil is almost dead.
You are engulfed in freezing vapours.
You resist.
Your spectral weapon is engulfed in freezing vapours.
Your spectral weapon hits the ice devil!
Your spectral weapon burns the ice devil.
You kill the ice devil!
Cheibriados appreciates the change of pace.
Your Conjurations skill increases to level 6!
Your Hexes skill increases to level 6!
Your Summonings skill increases to level 6!
Your Necromancy skill increases to level 6!
Your Translocations skill increases to level 6!
Your Transmutations skill increases to level 6!
Your Fire Magic skill increases to level 6!
Your Ice Magic skill increases to level 6!
Your Air Magic skill increases to level 6!
Your Earth Magic skill increases to level 6!
Your Poison Magic skill increases to level 6!
Your spectral weapon is engulfed in freezing vapours. x2
You are engulfed in freezing vapours.
You resist.
Your spectral weapon is engulfed in freezing vapours. x5
You are engulfed in freezing vapours.
You resist.
Your spectral weapon is engulfed in freezing vapours. x5
Your spectral weapon fades away.
A reaper comes into view. It is wielding a scythe of freezing.
The reaper hits you from afar with a scythe of freezing!
Your shroud falls apart!
The reaper freezes you.
The reaper hits you from afar with a scythe of freezing!!!
* * * LOW HITPOINT WARNING * * *
The reaper freezes you.
* * * LOW HITPOINT WARNING * * *
Found a glowing hand axe and a spear.
Your skin is crawling a little less now.
The reaper hits you with a scythe of freezing!!
* * * LOW HITPOINT WARNING * * *
The reaper freezes you.
* * * LOW HITPOINT WARNING * * *
Found three items.
You swing at nothing.
The reaper hits you with a scythe of freezing!!
You die...

..# .## ### .# ..#
.# #§ ). ## ##. ..
# # #§.###.# #
##.##.§#§#§§#.#.##
#
#..#..§§§§§§§.#.)#
#
#..§§.§§§.§§..@2)#
#
#§§§#§.§####..#.!#
#
#§§§#§§§§§.§..#.##
###§§§#§§§§§§§§##.#
##§§§.###§§#§..# ..
##.§§.§.##.#§.## [.
#§§#.....#.#.§# ..#
§§###......§### ###
..# #.....§§.#


You could see a reaper.

Vanquished Creatures
  An ice dragon (D:12)
  A hydra (D:8)
  6 two-headed ogres
  Erica (D:8)
  An unseen horror (D:10)
  A manticore (D:8)
  2 ice statues (IceCv)
  A gargoyle (D:10)
  7 ice devils (IceCv)
  A freezing wraith (D:11)
  A hornet (D:9)
  Grinder (D:5)
  4 slime creatures
  2 dream sheep (D:8)
  2 polar bears (D:12)
  5 hippogriffs
  A wyvern (D:9)
  4 yaks
  A steam dragon (D:11)
  A water moccasin (D:5)
  A phantom (D:8)
  A necrophage (D:8)
  2 orc warriors (D:10)
  3 ogres
  2 wolves (D:12)
  4 centaurs
  3 big kobolds (D:8)
  4 bullfrogs
  6 killer bees
  2 electric eels (D:5)
  A howler monkey (D:6)
  3 crimson imps
  A bullfrog zombie (D:5)
  A gnoll shaman (D:8)
  2 bullfrog skeletons
  7 hounds
  3 jellies
  4 orc priests
  5 orc wizards
  Crazy Yiuf (D:3)
  Jessica (D:3)
  An iguana (D:12)
  4 worker ants
  A hound skeleton (D:5)
  A worker ant zombie (D:10)
  Robin (D:2)
  19 gnolls
  15 adders
  9 river rats
  4 shadow imps
  11 white imps (IceCv)
  5 ufetubi
  An ooze (D:3)
  2 worms (D:3)
  3 dart slugs
  4 leopard geckos
  20 orcs
  4 ball pythons
  4 bats
  9 giant cockroaches
  9 goblins
  18 hobgoblins
  2 jackals (D:3)
  12 frilled lizards
  15 kobolds
  A quokka skeleton (D:4)
  10 rats
  A plant (D:5)
287 creatures vanquished.

Vanquished Creatures (collateral kills)
  2 slime creatures (D:9)
  A wyvern (D:9)
  A big kobold (D:9)
  4 killer bees (D:9)
  An iguana (D:8)
9 creatures vanquished.

Vanquished Creatures (others)
  A polar bear (D:12)
  A white imp (IceCv)
  4 ufetubi (IceCv)
  4 spectral weapons
10 creatures vanquished.

Grand Total: 306 creatures vanquished

Notes
Turn   | Place    | Note
-------+----------+-------------------------------------------
     0 | D:1      | tidbits the Gnoll Skald began the quest for the Orb.
     0 | D:1      | Reached XP level 1. HP: 20/20 MP: 6/6
    81 | D:2      | Noticed Robin
    96 | D:1      | Reached XP level 2. HP: 16/26 MP: 1/7
   108 | D:1      | Learned a level 2 spell: Song of Slaying
   111 | D:1      | Learned a level 2 spell: Shroud of Golubria
   331 | D:1      | Found an iron altar of Okawaru.
   340 | D:1      | Reached XP level 3. HP: 31/31 MP: 2/9
   355 | D:1      | Learned a level 3 spell: Regeneration
   359 | D:1      | Learned a level 3 spell: Spectral Weapon
   390 | D:1      | Reached skill level 5 in Spellcasting
   416 | D:1      | Reached skill level 1 in Invocations
   509 | D:1      | Reached skill level 1 in Short Blades
   509 | D:1      | Reached skill level 1 in Long Blades
   509 | D:1      | Reached skill level 1 in Maces & Flails
   509 | D:1      | Reached skill level 1 in Polearms
   509 | D:1      | Reached skill level 1 in Staves
   509 | D:1      | Reached skill level 1 in Slings
   509 | D:1      | Reached skill level 1 in Bows
   509 | D:1      | Reached skill level 1 in Crossbows
   509 | D:1      | Reached skill level 1 in Throwing
   509 | D:1      | Reached skill level 1 in Stealth
   509 | D:1      | Reached skill level 1 in Shields
   509 | D:1      | Reached skill level 1 in Unarmed Combat
   509 | D:1      | Reached skill level 1 in Evocations
   509 | D:1      | Reached XP level 4. HP: 31/38 MP: 1/11
   638 | D:2      | Killed Robin
   674 | D:2      | Found a sacrificial altar of Ru.
   674 | D:2      | Found a snail-covered altar of Cheibriados.
   681 | D:2      | Became a worshipper of Cheibriados the Contemplative
   732 | D:3      | Reached skill level 1 in Conjurations
   732 | D:3      | Reached skill level 1 in Hexes
   732 | D:3      | Reached skill level 1 in Summonings
   732 | D:3      | Reached skill level 1 in Necromancy
   732 | D:3      | Reached skill level 1 in Translocations
   732 | D:3      | Reached skill level 1 in Transmutations
   732 | D:3      | Reached skill level 1 in Fire Magic
   732 | D:3      | Reached skill level 1 in Ice Magic
   732 | D:3      | Reached skill level 1 in Air Magic
   732 | D:3      | Reached skill level 1 in Earth Magic
   732 | D:3      | Reached skill level 1 in Poison Magic
   828 | D:3      | Reached XP level 5. HP: 39/43 MP: 7/12
   833 | D:3      | Reached * piety under Cheibriados
   869 | D:3      | Reached skill level 3 in Armour
   896 | D:3      | Found a glowing drain.
   905 | Sewer    | Entered a sewer
   993 | Sewer    | Reached XP level 6. HP: 45/50 MP: 11/13
  1001 | Sewer    | Reached skill level 2 in Invocations
  1031 | Sewer    | Reached ** piety under Cheibriados
  1311 | D:3      | Noticed Jessica
  1328 | D:3      | Killed Jessica
  1585 | D:3      | Found a runed door.
  1591 | D:3      | Noticed Crazy Yiuf
  1596 | D:3      | Killed Crazy Yiuf
  1596 | D:3      | Reached skill level 5 in Fighting
  1596 | D:3      | Reached skill level 5 in Axes
  1596 | D:3      | Reached skill level 5 in Dodging
  1669 | D:3      | Reached skill level 2 in Short Blades
  1669 | D:3      | Reached skill level 2 in Long Blades
  1669 | D:3      | Reached skill level 2 in Maces & Flails
  1669 | D:3      | Reached skill level 2 in Polearms
  1669 | D:3      | Reached skill level 2 in Staves
  1669 | D:3      | Reached skill level 2 in Slings
  1669 | D:3      | Reached skill level 2 in Bows
  1669 | D:3      | Reached skill level 2 in Crossbows
  1669 | D:3      | Reached skill level 2 in Throwing
  1669 | D:3      | Reached skill level 2 in Stealth
  1669 | D:3      | Reached skill level 2 in Shields
  1669 | D:3      | Reached skill level 2 in Unarmed Combat
  1669 | D:3      | Reached skill level 2 in Evocations
  1917 | D:4      | Found a shadowy altar of Dithmenos.
  1935 | D:4      | Reached *** piety under Cheibriados
  2005 | D:5      | Entered Level 5 of the Dungeon
  2068 | D:5      | Found a transporter.
  2073 | D:5      | Reached XP level 7. HP: 56/56 MP: 7/15
  2093 | D:5      | HP: 3/56 [electric eel/bolt of electricity (12)]
  2097 | D:5      | Found a transporter.
  2172 | D:6      | Reached skill level 2 in Conjurations
  2172 | D:6      | Reached skill level 2 in Hexes
  2172 | D:6      | Reached skill level 2 in Summonings
  2172 | D:6      | Reached skill level 2 in Necromancy
  2172 | D:6      | Reached skill level 2 in Translocations
  2172 | D:6      | Reached skill level 2 in Transmutations
  2172 | D:6      | Reached skill level 2 in Fire Magic
  2172 | D:6      | Reached skill level 2 in Ice Magic
  2172 | D:6      | Reached skill level 2 in Air Magic
  2172 | D:6      | Reached skill level 2 in Earth Magic
  2172 | D:6      | Reached skill level 2 in Poison Magic
  2191 | D:6      | Found a sparkling altar of Nemelex Xobeh.
  2301 | D:6      | Reached skill level 3 in Invocations
  2322 | D:6      | Noticed a two-headed ogre
  2338 | D:6      | Killed a two-headed ogre
  2338 | D:6      | Reached skill level 3 in Short Blades
  2338 | D:6      | Reached skill level 3 in Long Blades
  2338 | D:6      | Reached skill level 3 in Maces & Flails
  2338 | D:6      | Reached skill level 3 in Polearms
  2338 | D:6      | Reached skill level 3 in Staves
  2338 | D:6      | Reached skill level 3 in Slings
  2338 | D:6      | Reached skill level 3 in Bows
  2338 | D:6      | Reached skill level 3 in Crossbows
  2338 | D:6      | Reached skill level 3 in Throwing
  2338 | D:6      | Reached skill level 4 in Armour
  2338 | D:6      | Reached skill level 3 in Stealth
  2338 | D:6      | Reached skill level 3 in Shields
  2338 | D:6      | Reached skill level 3 in Unarmed Combat
  2338 | D:6      | Reached skill level 6 in Spellcasting
  2338 | D:6      | Reached skill level 6 in Charms
  2338 | D:6      | Reached skill level 3 in Evocations
  2338 | D:6      | Reached XP level 8. HP: 48/64 MP: 10/17
  2430 | D:6      | Found a hazy altar of Hepliaklqana.
  2459 | D:6      | Reached **** piety under Cheibriados
  2536 | D:5      | Noticed Grinder
  2541 | D:5      | Paralysed by Grinder for 7 turns
  2552 | D:5      | Killed Grinder
  2552 | D:5      | Reached skill level 6 in Fighting
  2552 | D:5      | Reached skill level 6 in Axes
  2552 | D:5      | Reached skill level 6 in Dodging
  2552 | D:5      | Reached skill level 3 in Conjurations
  2552 | D:5      | Reached skill level 3 in Hexes
  2552 | D:5      | Reached skill level 3 in Summonings
  2552 | D:5      | Reached skill level 3 in Necromancy
  2552 | D:5      | Reached skill level 3 in Translocations
  2552 | D:5      | Reached skill level 3 in Transmutations
  2552 | D:5      | Reached skill level 3 in Fire Magic
  2552 | D:5      | Reached skill level 3 in Ice Magic
  2552 | D:5      | Reached skill level 3 in Air Magic
  2552 | D:5      | Reached skill level 3 in Earth Magic
  2552 | D:5      | Reached skill level 3 in Poison Magic
  2552 | D:5      | Reached skill level 4 in Invocations
  2552 | D:5      | Reached XP level 9. HP: 43/69 MP: 12/18
  2723 | D:5      | Reached skill level 4 in Short Blades
  2723 | D:5      | Reached skill level 4 in Long Blades
  2723 | D:5      | Reached skill level 4 in Maces & Flails
  2723 | D:5      | Reached skill level 4 in Polearms
  2723 | D:5      | Reached skill level 4 in Staves
  2723 | D:5      | Reached skill level 4 in Slings
  2723 | D:5      | Reached skill level 4 in Bows
  2723 | D:5      | Reached skill level 4 in Crossbows
  2723 | D:5      | Reached skill level 4 in Throwing
  2723 | D:5      | Reached skill level 4 in Stealth
  2723 | D:5      | Reached skill level 4 in Shields
  2723 | D:5      | Reached skill level 4 in Unarmed Combat
  2723 | D:5      | Reached skill level 4 in Evocations
  2935 | D:7      | Found a staircase to the Ecumenical Temple.
  3098 | D:7      | Learned a level 2 spell: Blink
  3102 | D:7      | Learned a level 3 spell: Mephitic Cloud
  3140 | D:7      | Reached skill level 5 in Armour
  3417 | D:8      | Noticed Erica
  3438 | D:8      | Killed Erica
  3438 | D:8      | Reached skill level 5 in Invocations
  3470 | D:9      | Reached ***** piety under Cheibriados
  3501 | D:8      | Reached XP level 10. HP: 64/77 MP: 10/20
  3501 | D:8      | Reached skill level 7 in Spellcasting
  3503 | D:8      | Noticed a two-headed ogre
  3511 | D:8      | Killed a two-headed ogre
  3511 | D:8      | Reached skill level 5 in Short Blades
  3511 | D:8      | Reached skill level 5 in Long Blades
  3511 | D:8      | Reached skill level 5 in Maces & Flails
  3511 | D:8      | Reached skill level 5 in Polearms
  3511 | D:8      | Reached skill level 5 in Staves
  3511 | D:8      | Reached skill level 5 in Slings
  3511 | D:8      | Reached skill level 5 in Bows
  3511 | D:8      | Reached skill level 5 in Crossbows
  3511 | D:8      | Reached skill level 5 in Throwing
  3511 | D:8      | Reached skill level 5 in Stealth
  3511 | D:8      | Reached skill level 5 in Shields
  3511 | D:8      | Reached skill level 5 in Unarmed Combat
  3511 | D:8      | Reached skill level 4 in Conjurations
  3511 | D:8      | Reached skill level 4 in Hexes
  3511 | D:8      | Reached skill level 4 in Summonings
  3511 | D:8      | Reached skill level 4 in Necromancy
  3511 | D:8      | Reached skill level 4 in Translocations
  3511 | D:8      | Reached skill level 4 in Transmutations
  3511 | D:8      | Reached skill level 4 in Fire Magic
  3511 | D:8      | Reached skill level 4 in Ice Magic
  3511 | D:8      | Reached skill level 4 in Air Magic
  3511 | D:8      | Reached skill level 4 in Earth Magic
  3511 | D:8      | Reached skill level 4 in Poison Magic
  3511 | D:8      | Reached skill level 5 in Evocations
  3527 | D:8      | Learned a level 1 spell: Animate Skeleton
  3532 | D:8      | Learned a level 4 spell: Control Undead
  3563 | D:8      | Got an ichor-stained leather armour
  3574 | D:8      | Identified the +2 leather armour "Eliwyub" {Int-3 Dex+6 SInv} (You found it on level 8 of the Dungeon)
  3598 | D:8      | Reached skill level 7 in Charms
  3606 | D:8      | Reached skill level 7 in Fighting
  3606 | D:8      | Reached skill level 7 in Axes
  3606 | D:8      | Reached skill level 7 in Dodging
  3695 | D:8      | Reached skill level 6 in Armour
  3899 | D:8      | Noticed a manticore
  3907 | D:8      | Killed a manticore
  3907 | D:8      | Reached skill level 6 in Invocations
  3931 | D:8      | Noticed a two-headed ogre
  3940 | D:8      | Killed a two-headed ogre
  3966 | D:8      | Reached XP level 11. HP: 66/84 MP: 18/22
  3980 | D:8      | Noticed a two-headed hydra
  3983 | D:8      | Killed a one-headed hydra
  3985 | D:8      | Reached skill level 6 in Short Blades
  3985 | D:8      | Reached skill level 6 in Long Blades
  3985 | D:8      | Reached skill level 6 in Maces & Flails
  3985 | D:8      | Reached skill level 6 in Polearms
  3985 | D:8      | Reached skill level 6 in Staves
  3985 | D:8      | Reached skill level 6 in Slings
  3985 | D:8      | Reached skill level 6 in Bows
  3985 | D:8      | Reached skill level 6 in Crossbows
  3985 | D:8      | Reached skill level 6 in Throwing
  3985 | D:8      | Reached skill level 6 in Stealth
  3985 | D:8      | Reached skill level 6 in Shields
  3985 | D:8      | Reached skill level 6 in Unarmed Combat
  3985 | D:8      | Reached skill level 6 in Evocations
  4093 | D:10     | Entered Level 10 of the Dungeon
  4093 | D:10     | Noticed a two-headed ogre
  4098 | D:10     | Killed a two-headed ogre
  4098 | D:10     | Reached skill level 8 in Spellcasting
  4098 | D:10     | Reached skill level 5 in Conjurations
  4098 | D:10     | Reached skill level 5 in Hexes
  4098 | D:10     | Reached skill level 5 in Summonings
  4098 | D:10     | Reached skill level 5 in Necromancy
  4098 | D:10     | Reached skill level 5 in Translocations
  4098 | D:10     | Reached skill level 5 in Transmutations
  4098 | D:10     | Reached skill level 5 in Fire Magic
  4098 | D:10     | Reached skill level 5 in Ice Magic
  4098 | D:10     | Reached skill level 5 in Air Magic
  4098 | D:10     | Reached skill level 5 in Earth Magic
  4098 | D:10     | Reached skill level 5 in Poison Magic
  4197 | D:10     | Found a staircase to the Orcish Mines.
  4226 | D:10     | Found Viren's Armour Shop.
  4243 | D:10     | Noticed an unseen horror
  4260 | D:10     | Bought a +1 cloak of poison resistance for 189 gold pieces
  4289 | D:10     | Killed an unseen horror
  4389 | D:9      | Reached ****** piety under Cheibriados
  4434 | D:9      | Noticed a two-headed ogre
  4445 | D:9      | Killed a two-headed ogre
  4445 | D:9      | Reached skill level 7 in Invocations
  4508 | D:9      | Found a transporter.
  4514 | D:9      | Found a viscous altar of Jiyva.
  4516 | D:9      | Gained mutation: You are surrounded by a mild repulsion field. (EV +2) [potion of mutation]
  4516 | D:9      | Gained mutation: Your muscles are strong. (Str +2) [potion of mutation]
  4522 | D:9      | Learned a level 4 spell: Animate Dead
  4527 | D:9      | Found a transporter.
  4531 | D:9      | Reached skill level 8 in Fighting
  4531 | D:9      | Reached skill level 8 in Axes
  4531 | D:9      | Reached skill level 7 in Armour
  4531 | D:9      | Reached skill level 8 in Dodging
  4548 | D:9      | Identified the Handbook of the Rocks
  4550 | D:9      | Upgraded the game from 0.21-a0-364-gbd1fde4 to 0.21-a0-369-g397cdb2
  4867 | D:11     | Noticed a two-headed ogre
  4873 | D:11     | Killed a two-headed ogre
  4905 | D:11     | Noticed a death knight
  4910 | D:11     | Reached XP level 12. HP: 82/93 MP: 20/24
  4949 | D:12     | Found a frozen archway.
  4951 | D:12     | Noticed an ice dragon
  4970 | D:12     | Reached skill level 8 in Charms
  4988 | D:12     | HP: 2/94 [ice dragon/blast of cold (44)]
  5051 | D:12     | Killed an ice dragon
  5077 | IceCv    | Entered an ice cave
  5115 | IceCv    | Reached skill level 7 in Short Blades
  5115 | IceCv    | Reached skill level 7 in Long Blades
  5115 | IceCv    | Reached skill level 7 in Maces & Flails
  5115 | IceCv    | Reached skill level 7 in Polearms
  5115 | IceCv    | Reached skill level 7 in Staves
  5115 | IceCv    | Reached skill level 7 in Slings
  5115 | IceCv    | Reached skill level 7 in Bows
  5115 | IceCv    | Reached skill level 7 in Crossbows
  5115 | IceCv    | Reached skill level 7 in Throwing
  5115 | IceCv    | Reached skill level 7 in Stealth
  5115 | IceCv    | Reached skill level 7 in Shields
  5115 | IceCv    | Reached skill level 7 in Unarmed Combat
  5115 | IceCv    | Reached skill level 7 in Evocations
  5161 | IceCv    | Got a pair of faintly glowing boots
  5184 | IceCv    | Identified the +1 pair of boots "Lyxkier" {rElec MR+} (You found it in an ice cave)
  5283 | IceCv    | Reached skill level 6 in Conjurations
  5283 | IceCv    | Reached skill level 6 in Hexes
  5283 | IceCv    | Reached skill level 6 in Summonings
  5283 | IceCv    | Reached skill level 6 in Necromancy
  5283 | IceCv    | Reached skill level 6 in Translocations
  5283 | IceCv    | Reached skill level 6 in Transmutations
  5283 | IceCv    | Reached skill level 6 in Fire Magic
  5283 | IceCv    | Reached skill level 6 in Ice Magic
  5283 | IceCv    | Reached skill level 6 in Air Magic
  5283 | IceCv    | Reached skill level 6 in Earth Magic
  5283 | IceCv    | Reached skill level 6 in Poison Magic
  5287 | IceCv    | Noticed a reaper
  5288 | IceCv    | HP: 8/94 [reaper/scythe of freezing (3)]
  5289 | IceCv    | Demolished by a reaper

Vault maps used:
D:1:      kennysheep_arrival_seaside, okawaru_ov_weapons_minmay
D:2:      minmay_diamond_boxcup, gammafunk_temple_overflow_pools,
          nicolae_tso_swordbearing_angel, uniq_robin, uniq_natasha
D:3:      lightli_sewer_entry_pipes, kennysheep_generic_room_15, uniq_jessica,
          uniq_crazy_yiuf_cottage
D:4:      grunt_dithmenos_smoke_and_mirrors, uniq_ijyb
D:5:      gammafunk_steamed_eel, first_bread, uniq_grinder, uniq_sigmund
D:6:      basic_altar, lemuel_tele_altar
D:7:      minmay_temple_entry_trees, hangedman_abyss_or_decor_passed
D:8:      hangedman_ranch, uniq_erica
D:9:      gammafunk_jiyva_shrine
D:10:     orc_david_3
D:11:     erik_lair_dragon, serial_column_ruins, column_ruins_square_large,
          column_ruins_grid_1, column_ruins_columns_corner,
          column_ruins_open_small, corexii_corridor_pit, minivault_23,
          minivault_7
D:12:     portal_ice_cave_entry_animals_and_master, serial_ice, serial_ice_o,
          serial_ice_m, serial_ice_f, serial_ice_l, serial_ice_e, serial_ice_c,
          minmay_bent
Sewer:    sewer_co_cracked_pipes
IceCv:    ice_cave_small_demon

Skill      XL: |  1  2  3  4  5  6  7  8  9 10 11 12 |
---------------+-------------------------------------+-----
Spellcasting   | 5 6 7 8 |  8.8
Invocations    | 1 2 3 4 5 6 7 |  7.9
Short Blades   | 1 2 3 4 5 6 7 |  7.2
Long Blades    | 1 2 3 4 5 6 7 |  7.2
Maces & Flails | 1 2 3 4 5 6 7 |  7.2
Polearms       | 1 2 3 4 5 6 7 |  7.2
Staves         | 1 2 3 4 5 6 7 |  7.2
Slings         | 1 2 3 4 5 6 7 |  7.2
Bows           | 1 2 3 4 5 6 7 |  7.2
Crossbows      | 1 2 3 4 5 6 7 |  7.2
Throwing       | 1 2 3 4 5 6 7 |  7.2
Stealth        | 1 2 3 4 5 6 7 |  7.2
Shields        | 1 2 3 4 5 6 7 |  7.2
Unarmed Combat | 1 2 3 4 5 6 7 |  7.2
Evocations     | 1 2 3 4 5 6 7 |  7.2
Conjurations   | 1 2 3 4 5 6 |  6.0
Hexes          | 1 2 3 4 5 6 |  6.0
Summonings     | 1 2 3 4 5 6 |  6.0
Necromancy     | 1 2 3 4 5 6 |  6.0
Translocations | 1 2 3 4 5 6 |  6.0
Transmutations | 1 2 3 4 5 6 |  6.0
Fire Magic     | 1 2 3 4 5 6 |  6.0
Ice Magic      | 1 2 3 4 5 6 |  6.0
Air Magic      | 1 2 3 4 5 6 |  6.0
Earth Magic    | 1 2 3 4 5 6 |  6.0
Poison Magic   | 1 2 3 4 5 6 |  6.0
Armour         | 3 4 5 6 7 |  7.7
Fighting       | 5 6 7 8 |  8.6
Axes           | 5 6 7 8 |  8.6
Dodging        | 5 6 7 8 |  8.6
Charms         | 6 7 8 |  8.2

Action                   |  1- 3 |  4- 6 |  7- 9 | 10-12 || total
-------------------------+-------+-------+-------+-------++-------
Melee: Hand axe          |    58 |   137 |   146 |    79 ||   420
       Bite              |     5 |    19 |    32 |    75 ||   131
       Punch             |       |     1 |     3 |    14 ||    18
       Flail             |       |       |     7 |   116 ||   123
       Scimitar          |       |       |       |    54 ||    54
Throw: Stone             |       |     1 |     4 |       ||     5
       Javelin           |       |       |    15 |    17 ||    32
       Throwing net      |       |       |     1 |       ||     1
 Cast: Infusion          |     8 |     6 |     2 |     1 ||    17
       Regeneration      |     2 |     2 |     5 |    19 ||    28
       Spectral Weapon   |     1 |    30 |    31 |    42 ||   104
       Shroud of Golubri |       |     3 |     4 |     5 ||    12
       Animate Skeleton  |       |       |       |    18 ||    18
Invok: Bend Time         |       |       |       |     3 ||     3
       Temporal Distorti |       |       |       |     2 ||     2
Evoke: Wand              |       |       |       |     5 ||     5
  Use: Potion            |     1 |       |     2 |     5 ||     8
       Scroll            |       |     5 |     2 |    13 ||    20
 Stab: Sleeping          |       |     3 |     2 |     6 ||    11
       Distracted        |       |       |     2 |     8 ||    10
       Held in net/web   |       |       |     1 |       ||     1
       Confused          |       |       |       |     1 ||     1
  Eat: Chunk             |       |     4 |     2 |       ||     6
       Royal jelly       |       |       |     1 |     5 ||     6
Armor: Leather armour    |    17 |    37 |       |     9 ||    63
       Robe              |       |     2 |    37 |    35 ||    74
       Ice dragon scales |       |       |       |    13 ||    13
Dodge: Dodged            |    48 |   146 |   128 |   283 ||   605
       Rpst.: Scimitar   |       |       |       |    12 ||    12

Table legend:
 A = Spawn XP
 B = Non-spawn XP
 C = Spawn XP percentage of total XP
 D = Spawn monster count
 E = Non-spawn monster count
 F = Spawn count percentage of total count
 G = Total turns spent on level
                    A         B        C        D         E        F      G
               +---------+---------+-------+---------+---------+-------+---------
         Total |       0 |   24764 |   0.0 |       0 |     296 |   0.0 |  5289
               +---------+---------+-------+---------+---------+-------+---------
           D:1 |       0 |      78 |   0.0 |       0 |      19 |   0.0 |   575
           D:2 |       0 |      53 |   0.0 |       0 |      23 |   0.0 |   205
           D:3 |       0 |     267 |   0.0 |       0 |      46 |   0.0 |   611
           D:4 |       0 |      46 |   0.0 |       0 |       3 |   0.0 |   262
           D:5 |       0 |    1019 |   0.0 |       0 |      25 |   0.0 |   482
           D:6 |       0 |    1376 |   0.0 |       0 |      22 |   0.0 |   429
           D:7 |       0 |     669 |   0.0 |       0 |      14 |   0.0 |   475
           D:8 |       0 |    7209 |   0.0 |       0 |      37 |   0.0 |   630
           D:9 |       0 |    3269 |   0.0 |       0 |      30 |   0.0 |   459
          D:10 |       0 |    2819 |   0.0 |       0 |      16 |   0.0 |   368
          D:11 |       0 |    1768 |   0.0 |       0 |       6 |   0.0 |    89
          D:12 |       0 |    2685 |   0.0 |       0 |      11 |   0.0 |   140
         Sewer |       0 |      95 |   0.0 |       0 |      20 |   0.0 |   352
         IceCv |       0 |    3411 |   0.0 |       0 |      24 |   0.0 |   212
               +---------+---------+-------+---------+---------+-------+---------

Table legend:
 A = Turns spent in this place as a percentage of turns spent in the entire game.
 B = Non-inter-level travel turns spent in this place as a percentage of non-inter-level travel turns spent in the entire game.
 C = Inter-level travel turns spent in this place as a percentage of turns spent in this place.
 D = Turns resting spent in this place as a percentage of non-inter-level travel turns spent in this place.
 E = Turns spent auto-exploring this place as a percentage of non-inter-level travel turns spent in this place.
 F = Non-inter-level travel turns spent in this place divided by the number of levels of this place that you've seen.
                   A       B       C       D       E      F
               +-------+-------+-------+-------+-------+----------------------
         Total | 100.0 | 100.0 |   2.3 |   0.1 |   0.0 | 369.1
       Dungeon |  89.3 |  89.1 |   2.6 |   0.1 |   0.0 | 383.7
         Sewer |   6.7 |   6.8 |   0.0 |   0.0 |   0.0 | 352.0
      Ice Cave |   4.0 |   4.1 |   0.0 |   0.0 |   0.0 | 212.0
               +-------+-------+-------+-------+-------+----------------------

Table legend:
 A = Kills in this place as a percentage of kills in entire the game.
 B = Kills by you in this place as a percentage of kills by you in the entire game.
 C = Kills by friends in this place as a percentage of kills by friends in the entire game.
 D = Other kills in this place as a percentage of other kills in the entire game.
 E = Experience gained in this place as a percentage of experience gained in the entire game.
 F = Experience gained in this place divided by the number of levels of this place that you have seen.
                   A       B       C       D       E      F
               +-------+-------+-------+-------+-------+----------------------
         Total | 100.0 | 100.0 | 100.0 | 100.0 | 100.0 | 1768.9
       Dungeon |  85.1 |  84.6 | 100.0 | 100.0 |  85.8 | 1771.5
         Sewer |   6.8 |   7.0 |   0.0 |   0.0 |   0.4 |  95.0
      Ice Cave |   8.1 |   8.4 |   0.0 |   0.0 |  13.8 | 3411.0
               +-------+-------+-------+-------+-------+----------------------

Vault maps used:
D:1:      kennysheep_arrival_seaside, okawaru_ov_weapons_minmay
D:2:      minmay_diamond_boxcup, gammafunk_temple_overflow_pools,
          nicolae_tso_swordbearing_angel, uniq_robin, uniq_natasha
D:3:      lightli_sewer_entry_pipes, kennysheep_generic_room_15, uniq_jessica,
          uniq_crazy_yiuf_cottage
D:4:      grunt_dithmenos_smoke_and_mirrors, uniq_ijyb
D:5:      gammafunk_steamed_eel, first_bread, uniq_grinder, uniq_sigmund
D:6:      basic_altar, lemuel_tele_altar
D:7:      minmay_temple_entry_trees, hangedman_abyss_or_decor_passed
D:8:      hangedman_ranch, uniq_erica
D:9:      gammafunk_jiyva_shrine
D:10:     orc_david_3
D:11:     erik_lair_dragon, serial_column_ruins, column_ruins_square_large,
          column_ruins_grid_1, column_ruins_columns_corner,
          column_ruins_open_small, corexii_corridor_pit, minivault_23,
          minivault_7
D:12:     portal_ice_cave_entry_animals_and_master, serial_ice, serial_ice_o,
          serial_ice_m, serial_ice_f, serial_ice_l, serial_ice_e, serial_ice_c,
          minmay_bent
Sewer:    sewer_co_cracked_pipes
IceCv:    ice_cave_small_demon
